AoeStats
← Leda

Arena

509351482Analyzed
1v1 RM · 7d ago on Sep 26, 2026· 34m 19s· 2 players
Game mode
Random Map
Map size
Tiny (2 player)
Population
200
Speed
Normal
Resources
Standard
Victory
Conquest
Starting age
Dark Age
Ending age
Imperial Age
RankedLock teamsTeams togetherTeam positionsShared explorationLock speedFull tech treeHidden civsTurbo modeCheats
Victory
Defeat
🇭🇺 Huns · Hungary
1017
+15
🇨🇿 Maya · Czechia
1000
-45
Leda
1:29 Loom
15:00 Feudal Age
16:59 Wheelbarrow
16:14 Arson
15:56 Man-at-Arms
27:26 Double-Bit Axe
27:26 Horse Collar
sün
9:58 Feudal Age
15:05 Castle Age
14:18 Double-Bit Axe
15:15 Fletching
16:48 Bodkin Arrow
19:40 Horse Collar
20:44 Loom
23:26 Wheelbarrow
22:36 Town Watch
28:36 Imperial Age
26:22 Husbandry
26:24 Padded Archer Armor
28:53 Ballistics
29:35 Bracer
30:58 Heavy Cavalry Archer
31:59 Leather Archer Armor
33:39 Chemistry
Connection lost

Rejoining the realm…

Still unreachable

The connection could not be restored.

Session expired

The server has moved on; the page needs a fresh start.